 Dungeon Crawl Stone Soup version 0.32-a0-932-g546787307d (console) character file.

Game seed: 9144238045125923818

660 Lightli the Toxicologist (level 7, -1/44 (46) HPs)
             Began as a Formicid Alchemist on Apr 20, 2024.
             Slain by a wight
             ... wielding a +3 great sword
              (16 damage)
             ... on level 4 of the Dungeon.
             The game lasted 00:05:42 (5145 turns).

Lightli the Toxicologist (Formicid Alchemist)       Turns: 5145, Time: 00:05:42

HP:   -1/44 (46)    AC:  4    Str: 14    XL:     7   Next: 86%
MP:   16/16         EV: 16    Int: 17    God:
Gold: 294           SH:  0    Dex: 17    Spells: 9/18 levels left

rFire   . . .        l - +1 spear (flame)
rCold   . . .        (no shield)
rNeg    . . .        t - +1 robe of Tartarus {rCorr Str+2 Dex+3}
rPois   .            (helmet unavailable)
rElec   .            a - +0 cloak
rCorr   +            (no gloves)
SInv    +            (no boots)
Will    +....        (no amulet)
Stlth   ++           d - +5 ring of evasion
HPRegen 0.27/turn    s - ring of willpower
MPRegen 0.15/turn

%: no passive effects
@: very slightly contaminated, lightly drained
A: permanent stasis, dig shafts and tunnels, antennae 3, four strong arms
a: Dig, Shaft Self


You were on level 4 of the Dungeon.
You visited 1 branch of the dungeon, and saw 6 of its levels.

You collected 294 gold pieces.

Inventory:

Hand Weapons
 l - a +1 spear of flaming (weapon)
Missiles
 m - a throwing net
Armour
 a - a +0 cloak (worn)
 t - the +1 robe of Tartarus (worn) {rCorr Str+2 Dex+3}
   (You found it on level 3 of the Dungeon)

   Str+2:     It affects your strength (+2).
   Dex+3:     It affects your dexterity (+3).
   rCorr:     It protects you from acid and corrosion.
Jewellery
 d - a +5 ring of evasion (left hand)
 f - a ring of poison resistance
 s - a ring of willpower (right hand)
Wands
 y - a wand of polymorph (10)
Scrolls
 g - 3 scrolls of poison {unknown}
 h - a scroll of fog {unknown}
 j - 6 scrolls of identify {unknown}
 k - 2 scrolls of silence {unknown}
 p - 2 scrolls of teleportation {unknown}
 q - a scroll of enchant armour {unknown}
 v - a scroll of fear {unknown}
 w - a scroll of acquirement {unknown}
 A - a scroll of noise {unknown}
Potions
 c - 2 potions of mutation {unknown}
 e - 2 potions of brilliance {unknown}
 i - a potion of berserk rage {unknown}
 n - 2 potions of heal wounds {unknown}
 o - a potion of enlightenment {unknown}
 r - a potion of curing
 u - a potion of ambrosia {unknown}
 x - a potion of attraction {unknown}
 z - a potion of cancellation {unknown}


   Skills:
 - Level 1.7 Dodging
 - Level 2.4 Stealth
 - Level 6.0 Spellcasting
 - Level 0.8 Conjurations
 + Level 1.9 Fire Magic
 - Level 8.0 Alchemy


You had 9 spell levels left.
You knew the following spells:

 Your Spells              Type           Power      Damage    Failure   Level
a - Sting                 Conj/Alch      80%        1d8       1%          1
b - Olgreb's Toxic Radia  Alch           32%        N/A       4%          4
c - Sticky Flame          Fire/Alch      22%        2d6       17%         4

Your spell library contained the following spells:

 Spells                   Type           Power      Damage    Failure   Level
 Mercury Vapours          Alch/Air       36%        N/A       3%          2
 Scorch                   Fire           22%        2d5       9%          2
 Mephitic Cloud           Conj/Alch/Air  15%        N/A       12%         3
 Tukima's Dance           Hex            5%         N/A       36%         3
 Flame Wave               Conj/Fire      9%         2d6       58%         4
 Eringya's Noxious Bog    Alch           16%        4d6       58%         6
 Iskenderun's Mystic Bla Conj/Tloc 6%             2d4        (+2d1     71%         4
 Dimensional Bullseye     Hex/Tloc       2%         N/A       77%         4
 Summon Forest            Summ/Tloc      2%         N/A       98%         5
 Summon Cactus Giant      Summ           2%         N/A       100%        6
 Summon Hydra             Summ           2%         N/A       100%        7


Dungeon Overview and Level Annotations

Branches:
Dungeon (6/15)             Temple (0/1) D:5

Altars:


Innate Abilities, Weirdness & Mutations

You cannot be hasted, slowed, berserked, paralysed or teleported.
You can dig through walls and to a lower floor.
You have a pair of large antennae on your head. (SInv)
Your four strong arms can wield two-handed weapons with a shield.


Message History

You miscast Sticky Flame.
Nothing appears to happen.
You feel sick. The wight closely misses you.
Unknown command.
Casting: Sticky Flame (quite dangerous; 17% risk of failure)
Confirm with . or Enter, or press ? or * to list all spells.
The spell is quite dangerous to miscast (17% risk of failure)!
Continue anyway?
Aiming: Sticky Flame (quite dangerous; 17% risk of failure)
Press: ? - help, Shift-Dir - straight line, f/p - wight
Aim: a wight, wielding a +3 great sword and wearing a +1 robe of fire resistance The sticky flame hits the wight.
The wight resists.
The wight is lightly damaged.
You feel sick.
The wight burns!
The wight hits you with a +3 great sword!!
* * * LOW HITPOINT WARNING * * *
Unknown command.
It was a potion of curing.
You feel better.
The wight burns!
The wight barely misses you.
You feel better.
The wight burns!
The wight hits you with a +3 great sword!
You are too injured to fight recklessly!
Reach: l) +1 spear (flame)
Press: ? - help, Dir - move target, f/p - wight
Aim: a wight, wielding a +3 great sword and wearing a +1 robe of fire resistance (severely damaged, covered in liquid flames, about 20% to evade your +1 spear of flaming)
You hit the wight but do no damage.
The wight is severely damaged.
The wight burns!
The wight stops burning.
The wight hits you with a +3 great sword!
* * * LOW HITPOINT WARNING * * *
Casting: Sticky Flame (quite dangerous; 17% risk of failure)
Confirm with . or Enter, or press ? or * to list all spells.
The spell is quite dangerous to miscast (17% risk of failure)!
Continue anyway?
Aiming: Sticky Flame (quite dangerous; 17% risk of failure)
Press: ? - help, Shift-Dir - straight line, f/p - wight
Aim: a wight, wielding a +3 great sword and wearing a +1 robe of fire resistance (severely damaged)
You miscast Sticky Flame.
Nothing appears to happen.
The wight barely misses you.
You feel better. The wight closely misses you. Magic courses through your body.
The wight hits you with a +3 great sword!
You die...

.................##...........###
..............##..............##.
.....####.###..#######.###.......
......# #.####.## #....###....
......# #..###..# ####..##....
......# ##...##.## ##.......
......# ###..#(.# ###.....
......# ##.##.# ##.... ......#
###...@##### #.... .....##
#......z...# ##### ....##
#..........# ##### #..........#
#..........# ############


You could see a wight.

Vanquished Creatures
  2 wights
  A howler monkey (D:5)
  3 bombardier beetles
  3 hounds
  3 iguanas
  3 orc wizards (D:6)
  A sleepcap (D:4)
  5 adders
  A white imp (D:5)
  4 dart slugs
  2 ribbon worms (D:2)
  6 orcs
  10 ball pythons
  4 bats
  7 endoplasms
  A giant cockroach (D:1)
  10 goblins
  6 hobgoblins
  4 jackals (D:1)
  4 quokkas
  3 frilled lizards
  9 kobolds
  3 rats
95 creatures vanquished.

Notes
Turn   | Place    | Note
-------+----------+-------------------------------------------
     0 | D:1      | Lightli the Formicid Alchemist began the quest for the Orb.
     0 | D:1      | Reached XP level 1. HP: 13/13 MP: 3/3
   213 | D:1      | Reached XP level 2. HP: 18/19 MP: 0/5
   374 | D:1      | Reached skill level 5 in Alchemy
   583 | D:1      | Reached XP level 3. HP: 23/24 MP: 1/6
  1042 | D:2      | Reached skill level 6 in Alchemy
  1042 | D:2      | Reached XP level 4. HP: 25/30 MP: 0/7
  1907 | D:2      | Reached skill level 7 in Alchemy
  2076 | D:3      | Reached XP level 5. HP: 35/35 MP: 5/8
  2398 | D:3      | Identified the +1 robe of Tartarus {rCorr Str+2 Dex+3}
  2670 | D:3      | Learned a level 4 spell: Olgreb's Toxic Radiance
  2682 | D:4      | Reached skill level 8 in Alchemy
  3100 | D:4      | Reached XP level 6. HP: 37/41 MP: 1/10
  3441 | D:5      | Entered Level 5 of the Dungeon
  3468 | D:5      | Learned a level 4 spell: Sticky Flame
  3895 | D:5      | Found a staircase to the Ecumenical Temple.
  4120 | D:6      | Reached XP level 7. HP: 46/46 MP: 4/14
  4122 | D:6      | Reached skill level 5 in Spellcasting
  5016 | D:4      | Reached skill level 1 in Fire Magic
  5145 | D:4      | Slain by a wight

Illustrated notes

Levels and vault maps discovered:
D:1:      amcnicky_arrival_gap_in_the_tavern_cellar, layout_loops_ring,
          st_stairs_12
D:2:      layout_loops_ring, kennysheep_generic_room_10
D:3:      layout_rooms
D:4:      layout_rooms
D:5:      layout_basic, minmay_temple_entry_from_below_a
D:6:      layout_basic

Skill      XL: |  1  2  3  4  5  6  7 |
---------------+----------------------+-----
Alchemy        | 5 6 7 8 |  8.0
Spellcasting   | 3 4 6 |  6.0
Fire Magic     | 1 |  1.9
Dodging        | |  1.7
Stealth        | |  2.4
Conjurations   | |  0.8

Action                     |  1- 3 |  4- 6 |  7- 9 || total
---------------------------+-------+-------+-------++-------
  Melee: Unarmed           |    23 |     1 |       ||    24
         Spear             |       |     7 |     8 ||    15
   Cast: Sting             |    41 |   106 |    24 ||   171
         Olgreb's Toxic Ra |       |     9 |     2 ||    11
         Sticky Flame      |       |       |     4 ||     4
    Use: Potion            |       |       |     4 ||     4
 Armour: Robe              |    12 |    18 |    13 ||    43
  Dodge: Dodged            |    38 |    26 |    24 ||    88

Table legend: (Time is in decaauts)
 A = Elapsed time spent in this place.
 B = Non-inter-level travel time spent in this place.
 C = Inter-level travel time spent in this place.
 D = Time resting spent in this place.
 E = Time spent auto-exploring this place.
 F = Levels seen in this place.
 G = Mean time per level.
                   A        B        C        D        E       F      G
               +--------+--------+--------+--------+--------+-----+--------+
         Total |   5146 |   5024 |    122 |    387 |   3926 |   6 |  857.7 |
       Dungeon |   5146 |   5024 |    122 |    387 |   3926 |   6 |  857.7 |
               +--------+--------+--------+--------+--------+-----+--------+

Top non-repeatable levels by time:
     D:5: 1309 daAuts
     D:1: 1023 daAuts
     D:2: 1008 daAuts
     D:3: 800 daAuts
     D:4: 724 daAuts
     D:6: 281 daAuts
